 Dungeon Crawl Stone Soup version 0.31-a0-1074-g0b22e4e0f1 (webtiles) character file.

Game seed: 12510723467254578922

161 bmb222 the Covert (level 5, 0/47 HPs)
             Began as a Gnoll Delver on Dec 5, 2023.
             Slain by a gnoll
             ... wielding a +0 halberd
              (4 damage)
             ... on level 3 of the Dungeon.
             The game lasted 00:03:48 (3068 turns).

bmb222 the Covert (Gnoll Delver)                    Turns: 3068, Time: 00:03:49

Health: 0/47       AC:  5    Str: 14    XL:     5   Next: 42%
Magic:  7/7        EV: 18    Int:  9    God:
Gold:   108        SH:  0    Dex: 13    Spells: 7/7 levels left

rFire   . . .        v - +0 dagger (vamp)
rCold   . . .        (no shield)
rNeg    . . .        b - +0 leather armour
rPois   .            (no helmet)
rElec   .            l - +0 cloak
rCorr   .            m - +0 pair of gloves
SInv    .            (no boots)
Will    .....        (no amulet)
Stlth   ++++         t - +5 ring of evasion
HPRegen 0.27/turn    (no ring)
MPRegen 0.10/turn

%: no passive effects
@: no status effects
A: fangs 1, strong nose, distributed training
a: no special abilities


You were on level 3 of the Dungeon.
You visited 1 branch of the dungeon, and saw 5 of its levels.

You collected 108 gold pieces.

Inventory:

Hand Weapons
 a - a +0 short sword
 v - a +0 vampiric dagger (weapon)
Armour
 b - a +0 leather armour (worn)
 l - a +0 cloak (worn)
 m - a +0 pair of gloves (worn)
Jewellery
 t - a +5 ring of evasion (left hand)
Wands
 g - a wand of digging (3)
Scrolls
 c - 2 scrolls of fog
 d - a scroll of revelation
 e - a scroll of fear
 h - 2 scrolls of enchant armour {unknown}
 n - a scroll of vulnerability {unknown}
 o - 2 scrolls of enchant weapon {unknown}
 u - a scroll of amnesia {unknown}
 w - 2 scrolls of identify {unknown}
Potions
 f - a potion of mutation {unknown}
 i - a potion of cancellation {unknown}
 j - 3 potions of lignification {unknown}
 k - a potion of attraction {unknown}
 p - a potion of brilliance {unknown}
 q - a potion of haste
 r - 4 potions of curing {unknown}
 s - a potion of heal wounds {unknown}


   Skills:
 + Level 6.7 Fighting
 + Level 4.8 Short Blades
 + Level 1.5 Long Blades
 + Level 1.5 Axes
 + Level 1.5 Maces & Flails
 + Level 1.5 Polearms
 + Level 1.5 Staves
 + Level 1.5 Ranged Weapons
 + Level 1.5 Throwing
 + Level 1.5 Armour
 + Level 4.8 Dodging
 + Level 9.7 Stealth
 + Level 1.5 Shields
 + Level 1.5 Unarmed Combat
 + Level 1.5 Spellcasting
 + Level 1.2 Conjurations
 + Level 1.2 Hexes
 + Level 1.2 Summonings
 + Level 1.2 Necromancy
 + Level 1.2 Translocations
 + Level 1.2 Transmutations
 + Level 1.2 Fire Magic
 + Level 1.2 Ice Magic
 + Level 1.2 Air Magic
 + Level 1.2 Earth Magic
 + Level 1.2 Poison Magic
 + Level 1.7 Invocations
 + Level 1.5 Evocations
 + Level 1.3 Shapeshifting


You had 7 spell levels left.
You didn't know any spells.
Your spell library contained the following spells:

 Spells                   Type           Power      Damage    Failure   Level
 Sting                    Tmut/Pois      8%         1d3       26%         1
 Poisonous Vapours        Pois/Air       4%         N/A       36%         2
 Stone Arrow              Conj/Erth      4%         3d7       61%         3
 Tukima's Dance           Hex            2%         N/A       61%         3
 Animate Armour           Summ/Erth      4%         N/A       95%         4
 Dimensional Bullseye     Hex/Tloc       1%         N/A       95%         4
 Iskenderun's Mystic Bla  Conj/Tloc      2%         2d3       95%         4
 Olgreb's Toxic Radiance  Pois           2%         N/A       95%         4
 Lehudib's Crystal Spear  Conj/Erth      1%         10d2      100%        8


Dungeon Overview and Level Annotations

Branches:
Dungeon (5/15)
 Temple: D:4-7

Altars:
Elyvilon
Nemelex Xobeh
Sif Muna
Uskayaw
Yredelemnul

Annotations:
D:4 Pikel


Innate Abilities, Weirdness & Mutations

You have very sharp teeth.
Your uncanny sense of smell can sniff out nearby items.
Your experience applies equally to all skills.


Message History

The gnoll is lightly wounded.
The gnoll closely misses you.
You hit the gnoll.
The gnoll is moderately wounded.
The gnoll hits you with a +0 halberd!
You barely miss the gnoll.
The gnoll is moderately wounded.
The gnoll hits you with a +0 halberd.
You hit the gnoll.
The gnoll is heavily wounded.
The gnoll barely misses you.
You barely miss the gnoll.
The gnoll is heavily wounded.
You hit the gnoll but do no damage. You bite the gnoll, but do no damage.
The gnoll is heavily wounded.
The gnoll misses you.
You barely miss the gnoll. Your bite misses the gnoll.
The gnoll is heavily wounded.
The gnoll closely misses you.
You hit the gnoll.
The gnoll is heavily wounded.
The gnoll hits you with a +0 halberd.
You hit the gnoll.
You feel better.
The gnoll is heavily wounded.
You hit the gnoll but do no damage.
The gnoll is heavily wounded.
The gnoll barely misses you.
You hit the gnoll.
You feel better.
The gnoll is severely wounded.
The gnoll misses you.
You hit the gnoll but do no damage.
The gnoll is severely wounded.
The gnoll hits you with a +0 halberd!
* * * LOW HITPOINT WARNING * * *
You closely miss the gnoll.
The gnoll is severely wounded.
You closely miss the gnoll.
The gnoll is severely wounded.
The gnoll hits you with a +0 halberd.
You die...

.#.##)..#.#####.# ####...## ###
#.##.#.....<....# #..####'# #..
.#..##.##.#########.## #.#####.#
######.##........##.# #........
.......##.#####.....# ####.##.#
#.##...##.......#.####### #.##..
#...>..########...###...####.####
####.### #...##..#.......# ##.#
#.@.##.###)....)# ###..######
#..g##..#.....#.# # ..........#
#....#..........# #
###.#####.#####........###....###
###.####................♣###...##
)##.##..........######♣..♣♣###...
.##.##.#........#♣♣♣♣♣#♣...♣♣#..#
.##.....).###..##♣....♣#♣...♣##.#
...#.#.#### #..#♣.....⌠♣♣....♣#..


You could see a gnoll.

Vanquished Creatures
  An iguana (D:3)
  6 adders
  A worm (D:3)
  5 orcs (D:3)
  10 ball pythons
  A bat (D:3)
  6 endoplasms
  3 giant cockroaches
  9 goblins
  10 hobgoblins
  5 kobolds
  2 quokkas
  6 frilled lizards
  3 rats (D:1)
68 creatures vanquished.

Notes
Turn   | Place    | Note
-------+----------+-------------------------------------------
     0 | D:5      | Reached skill level 9 in Stealth
     0 | D:5      | bmb222 the Gnoll Delver began the quest for the Orb.
     0 | D:5      | Reached XP level 1. HP: 23/23 MP: 1/1
   108 | D:4      | Noticed Pikel
   108 | D:4      | Noticed a lemure
   108 | D:4      | Noticed a lemure
   148 | D:3      | Reached XP level 2. HP: 29/29 MP: 2/2
   258 | D:1      | Reached XP level 3. HP: 10/35 MP: 3/3
   617 | D:1      | Reached skill level 1 in Invocations
   891 | D:1      | Reached skill level 1 in Long Blades
   891 | D:1      | Reached skill level 1 in Axes
   891 | D:1      | Reached skill level 1 in Maces & Flails
   891 | D:1      | Reached skill level 1 in Polearms
   891 | D:1      | Reached skill level 1 in Staves
   891 | D:1      | Reached skill level 1 in Ranged Weapons
   891 | D:1      | Reached skill level 1 in Throwing
   891 | D:1      | Reached skill level 1 in Armour
   891 | D:1      | Reached skill level 1 in Shields
   891 | D:1      | Reached skill level 1 in Unarmed Combat
   891 | D:1      | Reached skill level 1 in Spellcasting
   891 | D:1      | Reached skill level 1 in Evocations
  1251 | D:2      | Reached XP level 4. HP: 35/41 MP: 5/5
  1355 | D:2      | Reached skill level 1 in Shapeshifting
  1491 | D:2      | Reached skill level 1 in Conjurations
  1491 | D:2      | Reached skill level 1 in Hexes
  1491 | D:2      | Reached skill level 1 in Summonings
  1491 | D:2      | Reached skill level 1 in Necromancy
  1491 | D:2      | Reached skill level 1 in Translocations
  1491 | D:2      | Reached skill level 1 in Transmutations
  1491 | D:2      | Reached skill level 1 in Fire Magic
  1491 | D:2      | Reached skill level 1 in Ice Magic
  1491 | D:2      | Reached skill level 1 in Air Magic
  1491 | D:2      | Reached skill level 1 in Earth Magic
  1491 | D:2      | Reached skill level 1 in Poison Magic
  1902 | D:3      | Found a shimmering blue altar of Sif Muna.
  2085 | D:3      | Found a sparkling altar of Nemelex Xobeh.
  2085 | D:3      | Found a hide-covered altar of Uskayaw.
  2180 | D:2      | Reached XP level 5. HP: 43/47 MP: 5/7
  2795 | D:3      | Found a white marble altar of Elyvilon.
  3003 | D:3      | Found a basalt altar of Yredelemnul.
  3068 | D:3      | Slain by a gnoll

Illustrated notes

Levels and vault maps discovered:
D:1:      dpeg_arrival_line_fractal, layout_loops_ring, minmay_split_cup_large
D:2:      layout_basic
D:3:      layout_loops_cross, kennysheep_ying_yang,
          mainiacjoe_overflow_six_doors_small, mainiacjoe_overflow_divided_tiny,
          guppyfry_early_orc_mine
D:4:      layout_rooms, nrook_mini_backslash, uniq_pikel
D:5:      layout_basic, lemuel_crystal_altar, serial_shops,
          nicolae_book_shop_shelving, nrook_loot_triangle, uniq_ijyb

Skill      XL: |  1  2  3  4 |
---------------+-------------+-----
Stealth        | |  9.7
Invocations    | 1 |  1.7
Long Blades    | 1 |  1.5
Axes           | 1 |  1.5
Maces & Flails | 1 |  1.5
Polearms       | 1 |  1.5
Staves         | 1 |  1.5
Ranged Weapons | 1 |  1.5
Throwing       | 1 |  1.5
Armour         | 1 |  1.5
Shields        | 1 |  1.5
Unarmed Combat | 1 |  1.5
Spellcasting   | 1 |  1.5
Evocations     | 1 |  1.5
Shapeshifting  | 1 |  1.3
Conjurations   | 1 |  1.2
Hexes          | 1 |  1.2
Summonings     | 1 |  1.2
Necromancy     | 1 |  1.2
Translocations | 1 |  1.2
Transmutations | 1 |  1.2
Fire Magic     | 1 |  1.2
Ice Magic      | 1 |  1.2
Air Magic      | 1 |  1.2
Earth Magic    | 1 |  1.2
Poison Magic   | 1 |  1.2
Fighting       | |  6.7
Short Blades   | |  4.8
Dodging        | |  4.8

Action                     |  1- 3 |  4- 6 || total
---------------------------+-------+-------++-------
  Melee: Short sword       |   146 |    89 ||   235
         Bite              |    22 |    18 ||    40
         Punch             |     2 |     1 ||     3
         Dagger            |       |    47 ||    47
    Use: Potion            |     1 |       ||     1
   Stab: Sleeping          |    12 |    13 ||    25
 Armour: Leather armour    |    63 |    43 ||   106
  Dodge: Dodged            |    78 |    65 ||   143

Table legend: (Time is in decaauts)
 A = Elapsed time spent in this place.
 B = Non-inter-level travel time spent in this place.
 C = Inter-level travel time spent in this place.
 D = Time resting spent in this place.
 E = Time spent auto-exploring this place.
 F = Levels seen in this place.
 G = Mean time per level.
                   A        B        C        D        E       F      G
               +--------+--------+--------+--------+--------+-----+--------+
         Total |   2984 |   2891 |     93 |    270 |   1940 |   5 |  596.8 |
       Dungeon |   2984 |   2891 |     93 |    270 |   1940 |   5 |  596.8 |
               +--------+--------+--------+--------+--------+-----+--------+

Top non-repeatable levels by time:
     D:3: 1195 daAuts
     D:1: 838 daAuts
     D:2: 823 daAuts
     D:5: 106 daAuts
     D:4: 22 daAuts
